 Dungeon Crawl Stone Soup version 0.22.1-2-g9c5b331383 (webtiles) character file.

4639 Jynx the Geomancer (level 10, 0/50 HPs)
             Began as a Gargoyle Earth Elementalist on Nov 20, 2018.
             Was an Initiate of Ashenzari.
             Slain by a bullfrog (7 damage)
             ... on level 1 of the Lair of Beasts.
             The game lasted 00:12:19 (7606 turns).

Jynx the Geomancer (Gargoyle Earth Elementalist)    Turns: 7606, Time: 00:12:20

Health: 0/50       AC: 15    Str: 11    XL:     10   Next: 43%
Magic:  19/20      EV: 14    Int: 22    God:    Ashenzari [......]
Gold:   340        SH:  0    Dex: 11    Spells: 12/23 levels left

rFire    . . .     SeeInvis .   h - +0 dagger (venom)
rCold    + . .     Gourm    .   (no shield)
rNeg     + . .     Faith    .   c - +0 robe
rPois    ∞         Spirit   .   B - +2 helmet {Int+3}
rElec    +         Reflect  .   a - +1 cloak
rCorr    .         Harm     .   f - +0 pair of gloves
MR       .....                  (no boots)
Stlth    ++........             x - amulet of regeneration
HPRegen  0.56/turn              u - ring of protection from cold
MPRegen  0.17/turn              (no ring)

@: no status effects
A: negative energy resistance 1, electricity resistance, unbreathing,
petrification resistance, rot immunity, AC +7
a: Curse Item, Renounce Religion


You were on level 1 of the Lair of Beasts.
You worshipped Ashenzari.
Ashenzari was noncommittal.
You were not hungry.

You visited 3 branches of the dungeon, and saw 10 of its levels.

You collected 340 gold pieces.

Inventory:

Hand Weapons
 h - a +0 dagger of venom (weapon)
Missiles
 b - 208 stones (quivered)
Armour
 a - a +1 cloak (worn)
 c - a +0 robe (worn)
 f - a +0 pair of gloves (worn)
 B - a +2 helmet of intelligence (worn)
Jewellery
 u - a ring of protection from cold (left hand)
 x - an amulet of regeneration (around neck)
Wands
 q - a wand of random effects (27)
 C - a wand of flame (26)
Scrolls
 e - a scroll of amnesia
 g - a scroll of fear
 p - 3 scrolls of identify
 v - a scroll of fog {unknown}
 w - 2 scrolls of remove curse
 y - a scroll of immolation {unknown}
 z - a scroll of enchant armour
Potions
 i - a potion of invisibility {unknown}
 j - 3 potions of heal wounds
 k - 2 potions of lignification
 l - a potion of magic {unknown}
 m - 2 potions of ambrosia {unknown}
 n - 2 potions of degeneration {unknown}
 o - 3 potions of haste
 r - 4 potions of flight {unknown}
 s - a potion of brilliance {unknown}
 t - 6 potions of curing {unknown}
 A - a potion of resistance {unknown}
Comestibles
 d - 12 rations


   Skills:
 * Level 2.5 Short Blades
 - Level 6.0 Dodging
 - Level 2.1 Stealth
 + Level 7.0 Spellcasting
 * Level 3.2 Conjurations
 - Level 0.7 Transmutations
 + Level 12.3 Earth Magic


You had 12 spell levels left.
You knew the following spells:

 Your Spells              Type           Power        Failure   Level  Hunger
a - Sandblast             Erth           ######       1%          1    None
b - Passwall              Tmut/Erth      #####...     1%          2    None
c - Lee's Rapid Deconstr  Erth           ######....   1%          5    #####..
d - Stone Arrow           Conj/Erth      #####.       1%          3    None

Your spell library contained the following spells:

 Spells                   Type           Power        Failure   Level  Hunger
 Petrify                  Tmut/Erth      #####...     5%          4    ###....
 Confusing Touch          Hex            #.....       9%          1    None
 Confuse                  Hex            #.......     24%         3    None
 Gell's Gravitas          Tloc           #.........   24%         3    None
 Yara's Violent Unravell  Hex/Tmut       #.........   89%         5    #####..
 Metabolic Englaciation   Hex/Ice        #.........   92%         5    #####..


Dungeon Overview and Level Annotations

Branches:
Dungeon (8/15)             Temple (1/1) D:7            Lair (1/6) D:8

Altars:
Ashenzari
Fedhas
Gozag
Hepliaklqana
Makhleb
Okawaru
Xom
Beogh


Innate Abilities, Weirdness & Mutations

You are resistant to torment.
Your stone body is resilient. (AC +7)
You are immune to poison.
You resist negative energy. (rN+)
You are resistant to electric shocks. (rElec)
You can survive without breathing.
You are immune to petrification.
You are immune to rotting.


Message History

You are too injured to fight recklessly!
You are too injured to fight recklessly!
You are too injured to fight recklessly!
You are too injured to fight recklessly!
You are too injured to fight recklessly!
You are too injured to fight recklessly!
You are too injured to fight recklessly!
You are too injured to fight recklessly!
Casting: Sandblast (safe; 1% risk of failure)
Confirm with . or Enter, or press ? or * to list all spells.
Aiming: Sandblast (safe; 1% risk of failure)
Press: ? - help, Shift-Dir - straight line, f - porcupine
Aim: a porcupine (heavily wounded, poisoned)
The blast of sand hits the porcupine.
The porcupine is severely wounded.
b - 208 stones The bullfrog barely misses you.
The porcupine bites you.
* * * LOW HITPOINT WARNING * * *
The bullfrog hits you!
You die...

##.......... ###.#+#####
##..# ##.## ##+#### #.P#
#.....## #.## .
#.!....## #..#
....#.F...#.## ##.##
#...r@.....######.P#
.....#######.........###
##. ##.##†##.....
#######.#### #.# # P.#
#.# #.# +#


You could see a bullfrog and a porcupine.

Vanquished Creatures
  Erica (D:8)
  Pikel (D:5)
  The ghost of stillor the Nimble, a novice FeCj of Sif Muna (D:8)
  A komodo dragon (D:8)
  A hippogriff (D:6)
  Sigmund (D:5)
  Menkaure (D:5)
  Edmund (D:5)
  4 water moccasins (Lair:1)
  A porcupine (Lair:1)
  An orc warrior (D:8)
  An ice beast (D:6)
  A black bear (D:7)
  A sky beast (D:6)
  3 centaurs (D:7)
  Blork the orc (D:6)
  A bullfrog (Lair:1)
  A wyvern skeleton (D:7)
  3 scorpions
  A howler monkey (D:7)
  3 wights (D:6)
  A crimson imp (D:6)
  2 hounds (D:4)
  An orc priest (D:7)
  2 jellies
  A bullfrog skeleton (D:4)
  2 iguanas (D:5)
  4 orc wizards
  4 worker ants
  2 hound skeletons
  A howler monkey skeleton (D:4)
  3 worker ant zombies
  4 adders
  3 gnolls (D:7)
  2 shadow imps (D:6)
  An ooze (D:2)
  2 worms
  3 dart slugs
  7 leopard geckos
  16 orcs
  2 ball pythons
  7 giant cockroaches
  5 goblins
  2 hobgoblins
  2 jackals (D:2)
  2 quokkas
  A ball python skeleton (D:5)
  10 bats
  5 frilled lizards
  10 kobolds
  2 leopard gecko skeletons
  5 rats
144 creatures vanquished.

Vanquished Creatures (others)
  3 slaves (D:5)
  A plant (D:8)
4 creatures vanquished.

Grand Total: 148 creatures vanquished

Notes
Turn   | Place    | Note
-------+----------+-------------------------------------------
     0 | D:1      | Jynx the Gargoyle Earth Elementalist began the quest for
                  | the Orb.
     0 | D:1      | Reached XP level 1. HP: 10/10 MP: 3/3
   319 | D:1      | Reached skill level 4 in Earth Magic
   319 | D:1      | Reached XP level 2. HP: 15/15 MP: 5/5
   323 | D:1      | Learned a level 2 spell: Passwall
   653 | D:2      | Reached XP level 3. HP: 19/19 MP: 6/6
  1046 | D:2      | Reached XP level 4. HP: 12/24 MP: 7/7
  1307 | D:2      | Reached skill level 5 in Earth Magic
  1680 | D:3      | Reached XP level 5. HP: 28/28 MP: 3/9
  2275 | D:4      | Found a burning altar of Makhleb.
  2351 | D:4      | Reached skill level 6 in Earth Magic
  2351 | D:4      | Reached XP level 6. HP: 10/32 MP: 6/10
  3654 | D:5      | Entered Level 5 of the Dungeon
  3806 | D:5      | Noticed Menkaure
  3813 | D:5      | Killed Menkaure
  3813 | D:5      | Reached skill level 7 in Earth Magic
  3813 | D:5      | Reached XP level 7. HP: 29/36 MP: 7/12
  3973 | D:5      | Noticed Pikel
  3982 | D:5      | Killed Pikel
  3982 | D:5      | Reached skill level 8 in Earth Magic
  3982 | D:5      | Reached XP level 8. HP: 41/41 MP: 5/14
  4107 | D:5      | Noticed Sigmund
  4115 | D:5      | Killed Sigmund
  4137 | D:5      | Noticed Edmund
  4144 | D:5      | Killed Edmund
  4144 | D:5      | Reached skill level 9 in Earth Magic
  4189 | D:5      | Learned a level 5 spell: Lee's Rapid Deconstruction
  4476 | D:6      | Noticed Blork the orc
  4481 | D:6      | Killed Blork the orc
  4518 | D:6      | Noticed a hippogriff
  4523 | D:6      | Killed a hippogriff
  4523 | D:6      | Reached skill level 5 in Spellcasting
  4762 | D:6      | Reached skill level 10 in Earth Magic
  4862 | D:6      | Reached XP level 9. HP: 42/45 MP: 15/17
  5091 | D:6      | Reached skill level 5 in Dodging
  5111 | D:6      | Learned a level 3 spell: Stone Arrow
  5572 | D:7      | Found a shimmering altar of Xom.
  5750 | D:7      | Reached skill level 11 in Earth Magic
  5899 | D:7      | Found a staircase to the Ecumenical Temple.
  5941 | Temple   | Entered the Ecumenical Temple
  5950 | Temple   | Became a worshipper of Ashenzari the Shackled
  5998 | D:7      | Found a transporter.
  6097 | D:7      | Found a roughly hewn altar of Beogh.
  6144 | D:7      | Found a transporter.
  6325 | D:7      | Found an iron altar of Okawaru.
  6573 | D:8      | Noticed Erica
  6580 | D:8      | Killed Erica
  6580 | D:8      | Reached XP level 10. HP: 31/50 MP: 14/19
  6654 | D:8      | Reached skill level 12 in Earth Magic
  6824 | D:8      | Found a runed door.
  6824 | D:8      | Noticed stillor's ghost (novice FeCj)
  6834 | D:8      | Killed stillor's ghost
  6834 | D:8      | Reached skill level 1 in Short Blades
  6834 | D:8      | Reached skill level 1 in Conjurations
  7185 | D:8      | Found a staircase to the Lair.
  7394 | Lair:1   | Entered Level 1 of the Lair of Beasts
  7606 | Lair:1   | Slain by a bullfrog

Skill      XL: |  1  2  3  4  5  6  7  8  9 10 |
---------------+-------------------------------+-----
Earth Magic    | 4 5 6 7 8 10 11 12 | 12.3
Dodging        | 2 3 4 5 6 |  6.0
Spellcasting   | 3 4 5 6 7 |  7.0
Short Blades   | 2 |  2.5
Conjurations   | 3 |  3.2
Stealth        | |  2.1
Transmutations | |  0.7

Action                   |  1- 3 |  4- 6 |  7- 9 | 10-12 || total
-------------------------+-------+-------+-------+-------++-------
Melee: Short sword       |   145 |   166 |       |       ||   311
       Unarmed           |     1 |       |       |       ||     1
       Dagger            |       |    27 |   330 |   163 ||   520
 Cast: Sandblast         |     5 |    21 |    45 |    15 ||    86
       Lee's Rapid Decon |       |       |     3 |       ||     3
  Use: Scroll            |     2 |     5 |     3 |       ||    10
 Stab: Sleeping          |     7 |     4 |     2 |     1 ||    14
       Distracted        |     1 |       |       |     1 ||     2
  Eat: Chunk             |     1 |     5 |     4 |     3 ||    13
       Ration            |       |     1 |     2 |       ||     3
Armor: Robe              |    65 |    85 |   163 |    61 ||   374
Dodge: Dodged            |    99 |   161 |   265 |   113 ||   638
